 Dungeon Crawl Stone Soup version 0.31.0-9-g3a7656b989 (webtiles) character file.

Game seed: 17808761160342485585

225656 GordonOverkill the Warrior (level 20, -2/162 (176) HPs)
             Began as a Formicid Delver on Jan 25, 2024.
             Was an Elder of Ru.
             Slain by a merfolk
             ... wielding a +0 trident
              (11 damage)
             ... on level 4 of the Shoals.
             The game lasted 01:33:03 (44382 turns).

GordonOverkill the Warrior (Formicid Delver)       Turns: 44382, Time: 01:33:04

HP:   -2/162 (176)  AC: 23    Str: 24    XL:     20   Next: 10%
MP:   20/20         EV: 14    Int: 10    God:    Ru [****..]
Gold: 557           SH: 25    Dex: 16    Spells: 19/19 levels left

rFire   + + .        a - +7 Throatcutter {drain, coup de grace}
rCold   + . .        B - +1 tower shield {rF+}
rNeg    . . .        Z - +0 plate armour {rF+}
rPois   +            (helmet unavailable)
rElec   +            Q - +1 cloak
rCorr   +            G - +2 pair of gloves
SInv    +            x - +2 pair of slick slippers {slick, slippery, EV+4}
Will    +++..        L - amulet "Seyh" {Reflect Will+ Dex+3 SH+5 SInv} Stlth
                     T - ring of protection from cold
HPRegen 0.47/turn    w - ring of Hutephe {rElec rPois rCorr Int-2 Slay+4}
MPRegen 0.17/turn

%: reflection
@: mighty, studying Ice Magic, drained, very slow
A: permanent stasis, dig shafts and tunnels, antennae 3, clumsy 1, no stealth,
hated by all, no conjurations magic, no fire magic, no alchemy magic, four
strong arms, no forms
}: 1/15 runes: serpentine
a: Dig, Shaft Self, Renounce Religion, Draw Out Power, Power Leap


You were on level 4 of the Shoals.
You worshipped Ru.
Ru was greatly pleased with you.
You visited 5 branches of the dungeon, and saw 30 of its levels.
You also visited: Ice Cave.

You collected 3505 gold pieces.
You spent 2948 gold pieces at shops.

Inventory:

Hand Weapons
 a - the +7 Throatcutter (weapon) {drain, coup de grace}
   (You took it off a kobold on level 3 of the Dungeon)
 b - a +3 scimitar of flaming
 C - a +2 great sword
Missiles
 H - 10 curare-tipped darts
 K - 8 throwing nets
 O - 7 javelins (quivered)
Armour
 x - the +2 pair of slick slippers (worn) {slick, slippery, EV+4}
   (You found it in an ice cave)

   Slick:     Its wearer cannot be constricted, engulfed, netted or webbed.
   Slippery:  Its wearer slips away from damaging melee attacks, pulling the
   attacker onward.
   EV+4:      It affects your evasion (+4).
 A - the scarf of the Morning Star {repulsion, rN+ Int-3 Dex+5}
   (You found it on level 9 of the Dungeon)

   Int-3:     It affects your intelligence (-3).
   Dex+5:     It affects your dexterity (+5).
   rN+:       It protects you from negative energy.
 B - a +1 tower shield of fire resistance (worn)
 G - a +2 pair of gloves (worn)
 Q - a +1 cloak (worn)
 S - a +2 pair of boots of flying
 U - a +0 tower shield of protection
 V - a +2 chain mail of willpower
 Z - a +0 plate armour of fire resistance (worn)
Jewellery
 e - an amulet of regeneration
 w - the ring of Hutephe (right hand) {rElec rPois rCorr Int-2 Slay+4}
   (You acquired it on level 10 of the Dungeon)

   [ring of slaying]

   Int-2:     It affects your intelligence (-2).
   Slay+4:    It affects your accuracy & damage with ranged weapons and melee
   (+4).
   rElec:     It insulates you from electricity.
   rPois:     It protects you from poison rCorr: It protects you from acid and
   corrosion.
 y - a ring of fire
 F - a +5 ring of evasion
 L - the amulet "Seyh" (around neck) {Reflect Will+ Dex+3 SH+5 SInv}
   (You bought it in a shop on level 1 of the Snake Pit)

   [amulet of reflection]

   Reflect:   It reflects blocked missile attacks.
   Dex+3:     It affects your dexterity (+3).
   Will+:     It increases your willpower.
   SInv:      It lets you see invisible.
   SH+5:      It affects your SH (+5).
 T - a ring of protection from cold (left hand)
Wands
 f - a wand of digging (12)
 r - a wand of roots (39)
 t - a wand of paralysis (16)
 v - a wand of light (10)
 M - a wand of mindburst (31)
Scrolls
 c - 2 scrolls of fog
 d - 3 scrolls of revelation
 g - a scroll of silence
 h - a scroll of vulnerability
 o - 3 scrolls of immolation
 q - a scroll of poison
 E - 2 scrolls of enchant weapon
 I - a scroll of brand weapon
 Y - 4 scrolls of identify
Potions
 l - 5 potions of brilliance
 m - a potion of enlightenment
 n - 2 potions of ambrosia
 p - 14 potions of curing
 s - 4 potions of attraction
 D - 4 potions of magic
 N - a potion of resistance
 R - a potion of mutation
Miscellaneous
 J - a lightning rod (inert)
 W - a phial of floods


   Skills:
 - Level 20.0 Fighting
 - Level 20.0 Long Blades
 - Level 2.8 Axes
 - Level 12.0 Armour
 - Level 10.0 Dodging
 - Level 15.0 Shields
 + Level 12.1 Evocations


You had 19 spell levels left.
You didn't know any spells.
Your spell library contained the following spells:

 Spells                   Type           Power      Damage    Failure   Level
 Apportation              Tloc           0%         N/A       100%        1
 Necrotise                Necr           0%         1d4       100%        1
 Jinxbite                 Hex            0%         N/A       100%        2
 Lesser Beckoning         Tloc           0%         N/A       100%        2
 Gell's Gravitas          Tloc           0%         N/A       100%        3
 Teleport Other           Tloc           0%         N/A       100%        3
 Dispel Undead            Necr           0%         3d6       100%        4
 Dispersal                Tloc           0%         N/A       100%        6
 Maxwell's Capacitive Co  Air            0%         ∞         100%        8
 Sting                    Conj/Alch      Unusable   1d3       N/A         1
 Summon Small Mammal      Summ           Unusable   N/A       N/A         1
 Blink                    Tloc           Unusable   N/A       N/A         2
 Cigotuvi's Dreadful Rot  Necr/Alch/Air  Unusable   N/A       N/A         2
 Momentum Strike          Conj/Tloc      Unusable   3d8       N/A         2
 Dazzling Flash           Conj/Hex       Unusable   N/A       N/A         3
 Volatile Blastmotes      Fire/Tloc      Unusable   2d10      N/A         3
 Martyr's Knell           Necr/Summ      Unusable   N/A       N/A         4
 Alistair's Intoxication  Alch           Unusable   N/A       N/A         5
 Iskenderun's Battlesphe  Conj           Unusable   2d6       N/A         5
 Bombard                  Conj/Erth      Unusable   9d1       N/A         6
 Death Channel            Necr           Unusable   N/A       N/A         6
 Starburst                Conj/Fire      Unusable   6d3       N/A         6
 Spellforged Servitor     Conj/Summ      Unusable   N/A       N/A         7

Dungeon Overview and Level Annotations

Branches:
Dungeon (15/15) Temple (0/1) D:5 Lair (5/5) D:11 Shoals (4/4) Lair:2 Snake (4/4) Lair:3 Slime (0/5) Lair:4 Orc (2/2) D:9 Elf (0/3) Orc:2 Vaults (0/5) D:13 D:14 Depths (0/4) D:15 IceCv (visited)

Altars:
Cheibriados
Dithmenos
Elyvilon
Gozag
Nemelex Xobeh
Okawaru
Qazlal
Ru
Trog
The Shining One
Lugonu

Shops:
D:13 ?*   Orc:1 *   Orc:2 =:=[   Shoals:2 *([*   Snake:1 :=:   Snake:2 *
Snake:4 !!

Portals:
Abyss: Lair:5

Annotations:
D:1 2 runed translucent doors
D:8 2 transporters, Pereza0's ghost, novice OpSu
Lair:1 exclusion: oklob plant
Shoals:4 Polyphemus


Innate Abilities, Weirdness & Mutations

You cannot be hasted, slowed, berserked, paralysed or teleported.
You can dig through walls and to a lower floor.
You have a pair of large antennae on your head. (SInv)
You are clumsy. (Dex -2)
You cannot be stealthy.
You are hated by all.
You cannot study or cast Conjurations magic.
You cannot study or cast Fire magic.
You cannot study or cast Alchemy magic.
Your four strong arms can wield two-handed weapons with a shield.
You cannot voluntarily change form.


Message History

The merfolk javelineer throws a silver javelin.
The silver javelin closely misses you. You block Polyphemus's attack.
Polyphemus hits you but does no damage.
You feel better.
The merfolk impaler looks more healthy.
The merfolk avatar looks more healthy.
You block the merfolk impaler's attack. You block the snapping turtle's attack.
You block the water nymph's attack.
Splash!
You fall into the shallow water.
Moving in this stuff is going to be slow.
The merfolk javelineer is engulfed in poison gas.
The merfolk javelineer looks as sick as possible!
The merfolk javelineer throws a silver javelin.
The silver javelin pierces through you!
* * * LOW HITPOINT WARNING * * *
x2 Polyphemus hits you but does no damage.
You block Polyphemus's attack.
The merfolk impaler hits you but does no damage.
You closely miss the merfolk javelineer.
The merfolk javelineer is almost dead.
You feel less exhausted.
You kill the merfolk impaler!
You hear a splash. x2
You block the snapping turtle's attack.
The merfolk impaler hits you but does no damage.
You block Polyphemus's attack. x2
The water nymph points at you and mumbles some strange words.
The water swirls and strikes you!!
* * * LOW HITPOINT WARNING * * *
The merfolk javelineer is engulfed in poison gas.
The merfolk javelineer looks as sick as possible!
You redirect the merfolk javelineer's attack!
The merfolk javelineer throws a silver javelin.
The silver javelin pierces through the merfolk javelineer!!
The merfolk javelineer dies!
You hear a splash. x3
Your Evocations skill increases to level 12!
You feel better.
The merfolk impaler hits you from afar with a +2 trident of flaming.
* * * LOW HITPOINT WARNING * * *
The merfolk hits you from afar with a +0 trident!
You die...

#).#.~..#~.#{#~{ .#~
#..))~~~.~.~~# ~~{~
#....~~#~~~~§# ~~~{C
#..#.~~##~~#{#~~{{#
#..#.~~.~§E#{{~~{.#
#..#.~~.mmm#{{~{{.#
#..#..~§t#m#~~~#~.#
#..#..~§mC☼#.~.#~~.~
#..#..~~mm@#...# ~~
#..~~§§§##{{# ~
#...#☼§§# ~?. ~
#8...§§8# ~~..
#########


You could see Polyphemus, a merfolk avatar, a merfolk impaler, a merfolk
aquamancer (very poisoned), a snapping turtle, 2 merfolk and a water nymph (very
poisoned).

Vanquished Creatures
  Rupert (D:13)
  2 Ice Fiends (IceCv)
  Asterion (Snake:4)
  A titan (Shoals:4)
  2 krakens
  Frances (Shoals:1)
  Gastronok (D:12)
  Aizul (Shoals:3)
  Donald (Snake:2)
  Ilsuiw (Shoals:2)
  6 nagarajas (Snake:4)
  An orc warlord (Orc:1)
  Azrael (D:12)
  5 merfolk impalers
  A fire dragon (D:15)
  2 merfolk javelineers (Shoals:4)
  The ghost of Colgate the Fighter, a journeyman MiCK of Trog (Orc:1)
  Josephine (D:13)
  Fannar (D:12)
  3 merfolk avatars
  3 hydras
  An ice dragon (D:15)
  Harold (Lair:1)
  2 salamander tyrants
  9 centaur warriors
  18 anacondas
  4 caustic shrike simulacra (IceCv)
  12 merfolk aquamancers
  A death yak (Shoals:4)
  7 two-headed ogres
  13 naga warriors
  2 boulder beetles
  Urug (D:13)
  4 satyrs
  A tengu warrior (Orc:1)
  2 orc high priests
  4 skysharks
  Sonja (Lair:5)
  6 shock serpents
  3 thrashing horrors (Lair:5)
  A deep elf knight (Orc:1)
  9 naga sharpshooters
  Lodul (D:13)
  Amaemon (Lair:1)
  3 salamander mystics (Snake:3)
  11 naga ritualists
  15 mana vipers
  3 bog bodies (IceCv)
  20 sea snakes
  A large abomination (Lair:5)
  2 obsidian statues (IceCv)
  4 orc knights
  2 deep elf pyromancers
  11 harpies
  3 ugly things
  7 manticores
  12 fauns
  6 cyclopes
  7 orc sorcerers
  2 ice statues (Snake:1)
  12 merfolk sirens
  14 salamanders
  Joseph (Lair:1)
  10 guardian serpents
  2 smoke demons (Lair:5)
  20 naga magi
  16 elephants
  Maggie (D:9)
  32 black mambas
  7 water nymphs
  A gargoyle (D:13)
  3 rime drakes
  An orange demon (Lair:1)
  Jeremiah (Lair:1)
  An unseen horror (D:12)
  7 cane toads
  A cane toad (shapeshifter) (D:15)
  4 kobold demonologists
  2 yaktaurs
  2 efreet (D:15)
  8 freezing wraiths
  8 komodo dragons
  An ice devil (IceCv)
  3 golden dragon simulacra (IceCv)
  6 polar bears
  6 trolls
  A wolf spider simulacrum (D:12)
  27 merfolk
  32 blink frogs
  6 wind drakes
  A raiju (Lair:5)
  9 dream sheep
  5 snapping turtles
  17 slime creatures
  A spriggan (Lair:5)
  3 air elementals (Shoals:4)
  A centaur simulacrum (D:12)
  A shadow (D:5)
  4 wyverns
  3 ynoxinuls (Lair:5)
  16 water elementals
  6 vampire mosquitoes
  15 yaks
  8 wraiths
  6 fire elementals (D:12)
  5 wargs
  16 humans
  A basilisk (shapeshifter) (D:15)
  8 basilisks
  2 chaos spawn (Lair:5)
  An acid dragon (D:11)
  64 nagas
  10 small abominations (Lair:5)
  14 water moccasins
  A hydra simulacrum (IceCv)
  3 hell hounds
  35 orc warriors
  2 black bears
  6 ice beasts
  4 laughing skulls (D:13)
  3 ettin simulacra (IceCv)
  12 ogres
  17 wolves
  11 centaurs
  2 phantoms
  2 kobold brigands (D:14)
  9 bullfrogs
  A brain worm (shapeshifter) (D:15)
  A deep troll simulacrum (IceCv)
  3 gnoll sergeants
  2 scorpions
  9 killer bees
  5 electric eels
  9 howler monkeys
  3 jellies
  A centaur zombie (D:7)
  2 hounds
  29 orc priests
  4 sleepcaps
  5 iguanas
  36 orc wizards
  7 hell rats (Lair:2)
  3 killer bee zombies (D:7)
  A boggart simulacrum (D:12)
  A mummy (D:7)
  13 gnolls
  8 adders
  A shadow imp (D:7)
  5 white imps
  5 ufetubi
  A dart slug (D:2)
  2 ribbon worms (D:2)
  75 orcs
  4 bats
  6 endoplasms
  2 giant cockroaches
  4 goblins
  10 hobgoblins
  A jackal (D:5)
  17 kobolds
  5 quokkas
  6 ball pythons
  6 frilled lizards
  19 rats
  A butterfly (Lair:2)
  A tentacle (Shoals:1)
1124 creatures vanquished.

Vanquished Creatures (others)
  A merfolk javelineer (Shoals:4)
  A naga warrior (Snake:3)
  A salamander mystic (Snake:4)
  A sea snake (Shoals:4)
  A manticore (Shoals:4)
  A black mamba (Snake:1)
  A water elemental (Shoals:2)
  2 nagas (Snake:4)
  2 orc wizards (Orc:2)
  An orc (Orc:2)
  26 tentacles
38 creatures vanquished.

Grand Total: 1162 creatures vanquished

Notes
Turn   | Place    | Note
-------+----------+-------------------------------------------
     0 | D:5      | GordonOverkill the Formicid Delver began the quest for the
                  | Orb.
     0 | D:5      | Reached XP level 1. HP: 18/18 MP: 1/1
    82 | D:6      | Noticed a water moccasin
   149 | D:6      | Noticed a jelly
   346 | D:5      | Noticed an iguana
   346 | D:5      | Noticed an iguana
   354 | D:5      | Noticed a hound
   355 | D:5      | Noticed an orc wizard
   516 | D:2      | Reached XP level 2. HP: 24/24 MP: 2/2
   802 | D:1      | Reached XP level 3. HP: 29/29 MP: 3/3
  1275 | D:1      | Found a large runed translucent door.
  1275 | D:1      | Found a large runed translucent door.
  1935 | D:2      | Reached XP level 4. HP: 36/36 MP: 4/4
  4097 | D:4      | Reached skill level 1 in Long Blades
  4097 | D:4      | Reached XP level 5. HP: 42/42 MP: 5/5
  4213 | D:4      | Noticed a phantom
  4220 | D:4      | Killed a phantom
  4221 | D:4      | Reached XP level 6. HP: 48/48 MP: 6/6
  4841 | D:5      | Reached skill level 5 in Long Blades
  4841 | D:5      | Reached XP level 7. HP: 36/54 MP: 7/7
  5041 | D:5      | Found a white marble altar of Elyvilon.
  5042 | D:5      | Found a glowing golden altar of the Shining One.
  5042 | D:5      | Found a shadowy altar of Dithmenos.
  5044 | D:5      | Found a stormy altar of Qazlal.
  5044 | D:5      | Found a sparkling altar of Nemelex Xobeh.
  5046 | D:5      | Found a bloodstained altar of Trog.
  5046 | D:5      | Found a snail-covered altar of Cheibriados.
  5047 | D:5      | Found a sacrificial altar of Ru.
  5072 | D:5      | Reached skill level 1 in Shields
  5095 | D:5      | Became a worshipper of Ru the Awakened
  5249 | D:5      | Noticed a water moccasin
  5253 | D:5      | Killed a water moccasin
  5296 | D:5      | Reached XP level 8. HP: 20/55 MP: 8/8
  5611 | D:5      | Found a staircase to the Ecumenical Temple.
  5728 | D:5      | Noticed a shadow
  5740 | D:5      | Killed a shadow
  6102 | D:6      | Reached XP level 9. HP: 63/65 MP: 9/9
  7070 | D:7      | Reached skill level 10 in Long Blades
  7399 | D:7      | Reached skill level 5 in Fighting
  7820 | D:8      | Found a transporter.
  7834 | D:8      | Noticed Pereza0's ghost (novice OpSu)
  7835 | D:8      | Noticed a moth of wrath
  7848 | D:8      | Found a transporter.
  8361 | D:8      | Reached skill level 5 in Evocations
  8364 | D:8      | Reached XP level 10. HP: 62/76 MP: 10/10
  8941 | D:9      | Identified the scarf of the Morning Star {repulsion, rN+
                  | Int-3 Dex+5}
  8988 | D:9      | Found a staircase to the Orcish Mines.
  8996 | D:9      | Noticed Maggie
  9026 | D:9      | Killed Maggie
  9447 | D:10     | Entered Level 10 of the Dungeon
  9636 | D:10     | Noticed a komodo dragon
  9644 | D:10     | Killed a komodo dragon
 10113 | D:10     | Found an opulent altar of Gozag.
 10230 | D:10     | Noticed a two-headed ogre
 10246 | D:10     | Killed a two-headed ogre
 10247 | D:10     | Reached XP level 11. HP: 27/81 MP: 11/11
 10618 | D:10     | Identified a scroll of acquirement
 10618 | D:10     | Acquired the ring of Hutephe {rElec rPois rCorr Int-2
                  | Slay+4}
 10871 | D:11     | Noticed a cyclops
 10871 | D:11     | Noticed a two-headed ogre
 10894 | D:11     | Killed a cyclops
 11044 | D:11     | Killed a two-headed ogre
 11097 | D:11     | Found a staircase to the Lair.
 11545 | D:12     | Noticed a cyclops
 11764 | D:11     | Reached skill level 10 in Fighting
 11764 | D:11     | Reached skill level 1 in Armour
 12141 | D:11     | Killed a cyclops
 12193 | D:12     | Reached XP level 12. HP: 97/97 MP: 12/12
 12493 | D:12     | Reached skill level 5 in Armour
 12501 | D:12     | Reached skill level 5 in Shields
 13222 | D:12     | Noticed Gastronok
 13236 | D:12     | Killed Gastronok
 13462 | D:12     | Noticed a two-headed ogre
 13467 | D:12     | Killed a two-headed ogre
 13636 | D:12     | Noticed a two-headed ogre
 13806 | D:12     | Killed a two-headed ogre
 13860 | D:12     | Identified the +0 halberd of the Rescuing Gods {flame, rN+}
 13938 | D:12     | Noticed Fannar
 13951 | D:12     | Killed Fannar
 13954 | D:12     | Reached XP level 13. HP: 84/108 MP: 13/13
 14189 | D:12     | Noticed Azrael
 14213 | D:12     | Killed Azrael
 14513 | Lair:1   | Entered Level 1 of the Lair of Beasts
 14513 | Lair:1   | Noticed Jeremiah
 15069 | Lair:1   | Killed Jeremiah
 15125 | Lair:1   | Identified the +5 scale mail "Meno Bua" {*Corrode rElec
                  | Str+5}
 15192 | Lair:1   | Gained mutation: You cannot be stealthy. [Ru sacrifice]
 15201 | Lair:1   | Found a blossoming altar of Fedhas.
 15201 | Lair:1   | Noticed Amaemon
 15236 | Lair:1   | Killed Amaemon
 15418 | Lair:1   | Identified the +3 chain mail "Izestro" {*Corrode Int+2
                  | Slay+2 Stlth+}
 15848 | Lair:1   | Noticed Joseph
 15870 | Lair:1   | Killed Joseph
 15957 | Lair:1   | Noticed Harold
 15976 | Lair:1   | Killed Harold
 16425 | Lair:2   | Reached skill level 15 in Fighting
 16458 | Lair:2   | Found a staircase to the Shoals.
 17018 | Lair:3   | Gained mutation: You are hated by all. [Ru sacrifice]
 17018 | Lair:3   | Reached * piety under Ru
 17018 | Lair:3   | Reached ** piety under Ru
 17492 | Lair:3   | Reached skill level 5 in Dodging
 17492 | Lair:3   | Reached XP level 14. HP: 123/123 MP: 14/14
 17736 | Lair:3   | Found a staircase to the Snake Pit.
 18574 | Lair:4   | Identified the +2 flail of Beogh's Reproof {spect, rF+
                  | Int+3}
 18770 | Lair:4   | Gained mutation: You are clumsy. (Dex -2) [Ru sacrifice]
 18770 | Lair:4   | Reached *** piety under Ru
 18916 | Lair:4   | Found a staircase to the Slime Pits.
 19115 | Lair:5   | Entered Level 5 of the Lair of Beasts
 19219 | Lair:5   | Noticed Sonja
 19225 | Lair:5   | Killed Sonja
 20592 | Lair:5   | Reached XP level 15. HP: 132/136 MP: 15/15
 21007 | Lair:5   | Found a corrupted altar of Lugonu.
 21007 | Lair:5   | Found a one-way gate to the infinite horrors of the Abyss.
 21012 | Lair:5   | Reached skill level 10 in Armour
 21329 | D:13     | Noticed Josephine
 21342 | D:13     | Killed Josephine
 21601 | D:13     | Noticed Lodul
 21620 | D:13     | Killed Lodul
 22029 | D:13     | Noticed Urug
 22041 | D:13     | Killed Urug
 22167 | D:13     | Found Iwuigguu's Magic Scroll Emporium.
 22274 | D:13     | Noticed Rupert
 22512 | Orc:1    | Entered Level 1 of the Orcish Mines
 22595 | Orc:2    | Entered Level 2 of the Orcish Mines
 22820 | Orc:1    | Found Vounodof's Armour Shop.
 22924 | Orc:2    | Found a staircase to the Elven Halls.
 23170 | Orc:1    | Noticed an orc warlord
 23449 | Orc:1    | Found Raclit's Assorted Antiques.
 24987 | Orc:2    | Found Kinuenn's Jewellery Emporium.
 24987 | Orc:2    | Found Qitt's Armour Shoppe.
 24987 | Orc:2    | Found Fiskyfe's Book Emporium.
 24996 | Orc:2    | Found Casav's Jewellery Shoppe.
 25572 | Orc:1    | Found a runed translucent gate.
 25596 | Orc:1    | Found a runed translucent gate.
 25597 | Orc:1    | Found a runed translucent gate.
 25597 | Orc:1    | Noticed Colgate's ghost (journeyman MiCK)
 25744 | Orc:1    | Found an iron altar of Okawaru.
 25773 | Orc:1    | Reached skill level 10 in Shields
 25892 | Orc:1    | Killed Colgate's ghost
 25974 | Orc:1    | Bought a phial of floods for 1080 gold pieces
 25974 | Orc:1    | Bought a glowing scarf for 216 gold pieces
 26067 | Orc:1    | Killed an orc warlord
 26211 | D:13     | Killed Rupert
 26374 | D:13     | Found Gewe Biu's Island Escapes.
 26382 | D:13     | Bought a scroll of fog for 48 gold pieces
 26382 | D:13     | Bought a potion of enlightenment for 60 gold pieces
 26401 | D:13     | Gained mutation: You cannot study or cast Fire magic. [Ru
                  | sacrifice]
 26401 | D:13     | Gained mutation: You cannot study or cast Alchemy magic.
                  | [Ru sacrifice]
 26401 | D:13     | Gained mutation: You cannot study or cast Conjurations
                  | magic. [Ru sacrifice]
 26401 | D:13     | Reached **** piety under Ru
 26474 | D:13     | Reached XP level 16. HP: 136/137 MP: 16/16
 26594 | D:14     | Found a gate to the Vaults.
 27440 | D:15     | Entered Level 15 of the Dungeon
 27541 | D:15     | Reached skill level 15 in Long Blades
 27617 | D:15     | Identified the +4 broad axe "Xuenuy" {flame, *Noise rC+ rN+
                  | Str+3}
 27775 | D:15     | Identified the +0 robe of the Gloaming {Archmagi}
 28416 | D:15     | Found a staircase to the Depths.
 28706 | Snake:1  | Entered Level 1 of the Snake Pit
 28972 | Snake:1  | Found Odeforuv's Book Boutique.
 28972 | Snake:1  | Found Tulorhee's Jewellery Shoppe.
 28973 | Snake:1  | Found Udusky's Book Boutique.
 29039 | Snake:1  | Found a glacial archway.
 29122 | IceCv    | Entered an ice cave
 29154 | IceCv    | Gained mutation: You cannot voluntarily change form. [Ru
                  | sacrifice]
 31000 | IceCv    | Found the +2 pair of slick slippers {slick, slippery, EV+4}
 31000 | IceCv    | Noticed an Ice Fiend
 31000 | IceCv    | Noticed an Ice Fiend
 31015 | IceCv    | Killed an Ice Fiend
 31016 | IceCv    | Killed an Ice Fiend
 31516 | Snake:1  | Reached XP level 17. HP: 144/144 MP: 17/17
 32222 | Snake:1  | Bought the amulet "Seyh" {Reflect Will+ Dex+3 SH+5 SInv}
                  | for 955 gold pieces
 33242 | Snake:2  | Found Xolab's Overcharged Wands.
 33395 | Snake:2  | Noticed Donald
 33413 | Snake:2  | Killed Donald
 34183 | Snake:3  | Reached skill level 10 in Evocations
 34406 | Snake:3  | Reached XP level 18. HP: 108/158 MP: 8/18
 34936 | Snake:4  | Entered Level 4 of the Snake Pit
 35318 | Snake:4  | Found Tuckitt's Distillery.
 35322 | Snake:4  | Found Naero's Distillery.
 35326 | Snake:4  | Bought a potion of curing for 63 gold pieces
 35326 | Snake:4  | Bought a potion of curing for 63 gold pieces
 35330 | Snake:4  | Bought a potion of invisibility for 112 gold pieces
 35330 | Snake:4  | Bought a potion of heal wounds for 70 gold pieces
 35330 | Snake:4  | Bought a potion of might for 56 gold pieces
 35330 | Snake:4  | Bought a potion of curing for 42 gold pieces
 35330 | Snake:4  | Bought 2 potions of curing for 84 gold pieces
 35330 | Snake:4  | Bought a potion of curing for 42 gold pieces
 35703 | Snake:4  | Noticed Asterion
 35710 | Snake:4  | Noticed an Executioner
 35712 | Snake:4  | Killed Asterion
 36887 | Snake:4  | Got a serpentine rune of Zot
 36970 | Snake:3  | Reached skill level 15 in Shields
 37742 | Shoals:1 | Entered Level 1 of the Shoals
 37758 | Shoals:1 | Reached XP level 19. HP: 163/169 MP: 19/19
 38036 | Shoals:1 | Noticed Frances
 38045 | Shoals:1 | Killed Frances
 40672 | Shoals:2 | Found Yrirgh's Visitors' Centre.
 40677 | Shoals:2 | Found Yrirgh's Merfolk Weapons.
 40677 | Shoals:2 | Found Yrirgh's Merfolk Armours.
 40677 | Shoals:2 | Found Yrirgh's Merfolk Magic.
 40849 | Shoals:2 | Identified the +8 long sword of Integrity {flame, *Corrode
                  | Fly rC+ SInv}
 40875 | Shoals:2 | Reached skill level 10 in Dodging
 41060 | Shoals:2 | Noticed Ilsuiw
 41093 | Shoals:2 | Killed Ilsuiw
 41635 | Shoals:2 | Bought a throwing net for 57 gold pieces
 42377 | Shoals:3 | Identified the serpent talisman of Fortification {rElec rF+
                  | rC- rN+ Stlth+}
 42377 | Shoals:3 | Noticed Aizul
 42407 | Shoals:3 | Killed Aizul
 43629 | Shoals:4 | Entered Level 4 of the Shoals
 44003 | Shoals:4 | Reached XP level 20. HP: 62/158 MP: 20/20
 44340 | Shoals:4 | Noticed Polyphemus
 44381 | Shoals:4 | HP: 5/159 [water nymph/the raging water (31)]
 44382 | Shoals:4 | Slain by a merfolk

Illustrated notes

Levels and vault maps discovered:
D:1:      erik_arrival_cave_to_civilisation [erik_arrival_cave_to_temple],
          layout_basic, minmay_misc_feat_secret_circle
D:2:      layout_basic
D:3:      layout_basic, grunt_decor_resistance, kennysheep_generic_room_12
D:4:      layout_gridville, minmay_rat_hole
D:5:      cheibrodos_barr_body, layout_cave_pools, grunt_temple_overflow_open,
          minmay_temple_entry_drinking_statues
D:6:      layout_loops_corners, minmay_holes, minmay_hedge_maze
D:7:      layout_cave_pods, minmay_mini_ossuary
D:8:      layout_cave_pools, gammafunk_ghost_berserking_beasts
D:9:      layout_roguey, david_orc_5, uniq_maggie
D:10:     layout_roguey, nicolae_gozag_cash_rules_everything_around_me,
          kennysheep_big_empty_room, lemuel_flame_loot_1
D:11:     layout_rooms, lair_entry_dummy
D:12:     kennysheep_spiral_hall, layout_basic, serial_ice, serial_ice_h,
          serial_ice_k, serial_ice_d, serial_ice_a, serial_ice_f, serial_ice_o,
          serial_ice_b, serial_ice_g, minmay_curled_crystal, uniq_azrael,
          uniq_gastronok, uniq_fannar
D:13:     layout_loops_ring, serial_shops, shop, nicolae_island_escapes,
          uniq_rupert, uniq_josephine, uniq_urug, uniq_lodul
D:14:     layout_basic, david_vaults_3, minmay_staircase_statues
D:15:     grunt_enter_depths_hoard, layout_loops_ring, serial_park_tiny_2,
          feat_on_display
Lair:1:   layout_regular_city, tgw_fedhas, infiniplex_staircase_pool_2,
          uniq_jeremiah, uniq_joseph, uniq_harold, uniq_amaemon
Lair:2:   layout_misc_corridors, mainiacjoe_shoals_entry_four_pools,
          serial_bayou_shore_b, lemuel_fruit_fields
Lair:3:   layout_regular_city, nicolae_snake_entry_squirm,
          infiniplex_staircase_pool
Lair:4:   layout_roguey, slime_entry_1, serial_bayou_shore_b, grunt_megastairs_2
Lair:5:   hellmonk_lair_end_abyssal_woods, layout_gridlike, minivault_27,
          grunt_megastairs_4, lemuel_fruit_tree, uniq_sonja
Shoals:1: layout_shoals, nicolae_shoals_aquamancer_cove, uniq_frances
Shoals:2: nicolae_shoals_mermall, layout_shoals, nicolae_shoals_loop_pool,
          uniq_ilsuiw
Shoals:3: layout_shoals, uniq_aizul
Shoals:4: shoals_end_hellmonk_storm_palace [storm_palace_center_square,
          storm_palace_corner_reverse_hut, storm_palace_corner_blocked,
          storm_palace_corner_pillars, storm_palace_corner_grid],
          uniq_polyphemus
Snake:1:  nicolae_snake_crotalidae_crossing, layout_gridlike,
          portal_ice_cave_entry_ice_statue_two, minmay_shop_grove
Snake:2:  layout_onion, nicolae_shop_overcharged_wands, grunt_megastairs_3,
          uniq_donald
Snake:3:  layout_cave_town, nicolae_snake_salamander_stairs,
          serial_bayou_shore_a
Snake:4:  grunt_snake_rune_pools, layout_cave_town, minmay_shop_star,
          uniq_asterion
Orc:1:    layout_caves, serial_shops, shop, shop,
          gammafunk_ghost_fury_of_okawaru, special_room [special_room_orc]
Orc:2:    st_orc_mages, layout_caves, enter_volcano_3

Skill      XL: |  1  2  3  4  5  6  7  8  9 10 11 12 13 14 15 16 17 18 19 20 |
---------------+-------------------------------------------------------------+-----
Dodging        | 2 5 6 10 | 10.0
Fighting       | 4 6 10 12 15 18 20 | 20.0
Long Blades    | 1 3 5 8 10 13 14 17 19 20 | 20.0
Evocations     | 2 5 7 10 11 12 | 12.1
Shields        | 4 6 11 12 15 | 15.0
Armour         | 3 6 8 12 | 12.0
Stealth        | 0 |  0.0
Axes           | |  2.8

Action                     |  1- 3 |  4- 6 |  7- 9 | 10-12 | 13-15 | 16-18 | 19-21 || total
---------------------------+-------+-------+-------+-------+-------+-------+-------++-------
  Melee: Hand axe          |   101 |    33 |       |       |       |       |       ||   134
         Long sword        |       |    73 |   152 |   395 |  1157 |  1357 |   737 ||  3871
         Scimitar          |       |       |       |       |     6 |    22 |       ||    28
  Throw: Dart              |       |       |     6 |     4 |       |     3 |       ||    13
         Javelin           |       |       |       |       |       |     3 |     7 ||    10
 Invoke: Reject Sacrifices |       |       |       |     1 |     1 |     1 |     1 ||     4
         Sacrifice Stealth |       |       |       |       |     1 |       |       ||     1
         Sacrifice Love    |       |       |       |       |     1 |       |       ||     1
         Sacrifice Purity  |       |       |       |       |     1 |       |       ||     1
         Sacrifice Arcana  |       |       |       |       |     1 |       |       ||     1
         Sacrifice Forms   |       |       |       |       |       |     1 |       ||     1
         Draw Out Power    |       |       |       |       |       |       |     3 ||     3
         Power Leap        |       |       |       |       |       |       |     1 ||     1
Ability: Dig               |     1 |       |     2 |     5 |    17 |    10 |       ||    35
  Evoke: Wand              |       |       |       |     1 |     1 |     2 |     7 ||    11
         Lightning rod     |       |       |       |       |       |     8 |     8 ||    16
    Use: Potion            |     2 |       |       |       |     2 |     6 |    15 ||    25
         Scroll            |     1 |     7 |     1 |    16 |    10 |     5 |     4 ||    44
   Stab: Sleeping          |     8 |     8 |     5 |       |       |       |       ||    21
         Paralysed         |       |       |       |       |     5 |       |     4 ||     9
         Distracted        |       |       |       |       |     1 |     5 |     2 ||     8
         Invisible         |       |       |       |       |       |    11 |     7 ||    18
         Held in net/web   |       |       |       |       |       |       |     1 ||     1
 Armour: Leather armour    |    42 |     5 |       |       |       |       |       ||    47
         Ring mail         |       |     8 |       |       |       |       |       ||     8
         Scale mail        |       |    46 |    74 |       |       |    85 |       ||   205
         Plate armour      |       |       |       |   184 |   448 |   206 |   338 ||  1176
         Chain mail        |       |       |       |    13 |    20 |    95 |       ||   128
         Ice dragon scales |       |       |       |       |       |    86 |       ||    86
  Dodge: Dodged            |    46 |    50 |    61 |   134 |   289 |   322 |   166 ||  1068
         Repelled          |       |       |       |     7 |       |       |       ||     7
  Block: Other             |     3 |       |       |       |       |       |       ||     3
         Buckler           |    36 |    65 |    46 |       |       |       |       ||   147
         Reflection        |     1 |       |     3 |    17 |    19 |   133 |    44 ||   217
         Kite shield       |       |       |    53 |   341 |   735 |   523 |       ||  1652
         Tower shield      |       |       |       |       |       |   623 |   930 ||  1553
